 Dungeon Crawl Stone Soup version 0.29-a0-330-g52719c12eb (webtiles) character file.

Game seed: 17044251562508141273

33 jt the Sneak (level 3, 0/23 HPs)
             Began as a Gargoyle Delver on Apr 12, 2022.
             Slain by an adder (1 damage)
             ... on level 3 of the Dungeon.
             The game lasted 00:02:43 (399 turns).

jt the Sneak (Gargoyle Delver)                       Turns: 399, Time: 00:02:43

Health: 0/23       AC:  6    Str: 17    XL:     3   Next: 29%
Magic:  3/3        EV: 11    Int: 10    God:
Gold:   23         SH:  0    Dex: 11    Spells: 2/2 levels left

rFire   . . .      SeeInvis .   a - +0 hand axe
rCold   . . .      Faith    .   (no shield)
rNeg    + . .      Spirit   .   b - +0 leather armour
rPois   ∞          Reflect  .   (helmet restricted)
rElec   +          Harm     .   (no cloak)
rCorr   .          Rampage  .   (no gloves)
Will    .....                   (no boots)
Stlth   ++........              (no amulet)
HPRegen 0.07/turn               (no ring)
MPRegen 0.08/turn               (no ring)

@: very slow
A: sickness immunity, AC +3, negative energy resistance 1, electricity
resistance, torment resistance 1, petrification resistance, antennae 1,
evolution 1
a: no special abilities


You were on level 3 of the Dungeon.
You visited 1 branch of the dungeon, and saw 3 of its levels.

You collected 46 gold pieces.
You spent 23 gold pieces at shops.

Inventory:

Hand Weapons
 a - a +0 hand axe (weapon)
Armour
 b - a +0 leather armour (worn)
Wands
 g - a wand of digging (2)
Scrolls
 c - a scroll of fog
 h - a scroll of teleportation


   Skills:
 - Level 3.2 Fighting
 + Level 3.3 Axes
 - Level 1.5 Dodging
 - Level 5.4 Stealth


You had 2 spell levels left.
You didn't know any spells.
Your spell library contained the following spells:

 Spells                   Type           Power      Damage    Failure   Level
 Conjure Flame            Conj/Fire      0%         6-21      80%         3
 Ignite Poison            Fire/Tmut/Pois 0%         N/A       80%         3
 Sticky Flame             Conj/Fire      0%         2d3       99%         4


Dungeon Overview and Level Annotations

Branches:
Dungeon (5/15)
 Temple: D:4-7

Altars:
Sif Muna
Xom
The Shining One

Shops:
D:3 *


Innate Abilities, Weirdness & Mutations

You are immune to sickness and miasma.
Your stone body is resilient. (AC +3)
You are immune to poison.
You resist negative energy. (rN+)
You are resistant to electric shocks. (rElec)
You are resistant to unholy torment.
You are immune to petrification.
You have a pair of small antennae on your head.
You have hidden genetic potential.


Message History

Your unstable footing causes you to fumble your attack.
The adder bites you but does no damage.
You miss the adder. The adder barely misses you.
The adder bites you but does no damage.
Your unstable footing causes you to fumble your attack.
The adder bites you.
* * * LOW HITPOINT WARNING * * *
The adder attacks as you move away! The adder barely misses you.
The adder bites you.
* * * LOW HITPOINT WARNING * * *
The adder barely misses you.
You slash the adder!
The adder is severely wounded.
The adder closely misses you.
You hit the adder but do no damage.
The adder is severely wounded.
The adder bites you but does no damage. x2
The adder barely misses you.
You barely miss the adder.
The adder is severely wounded.
The adder bites you but does no damage. The adder bites you.
* * * LOW HITPOINT WARNING * * *
Your unstable footing causes you to fumble your attack.
The adder barely misses you.
Okay, then.
Okay, then.
You aren't carrying any potions.
You barely miss the adder.
The adder is severely wounded.
You hear the rusting of a drain.
The adder closely misses you.
You closely miss the adder.
The adder is severely wounded.
You closely miss the orc. The adder barely misses you. The adder bites you.
* * * LOW HITPOINT WARNING * * *
You closely miss the adder.
The adder is severely wounded.
You closely miss the orc. The orc hits you but does no damage.
The adder bites you.
You die...

***,* *,,,* *,* *,,,*
### *,* **.#* #.. *,*
*.# #.# *,* *.# ##S#
*,* *.# #...
####*,######.#* #.##
##≈≈####≈≈##.#,* #.#
#≈≈≈wS@o≈≈†..### #.##
##≈≈####≈≈##.#.# ##...
#≈##≈≈######..####....
#≈#{≈≈≈{≈* #......._..
#≈#≈∩≈≈≈≈* #.####....#
#w##≈≈**≈* #.# #...##
*#≈≈#***≈≈**#.# ###.#
#≈≈≈≈≈S≈≈≈≈*#.# #.#
##≈≈####≈≈#*..# #[#*


You could see a worm, an adder and an orc.

Vanquished Creatures
  3 adders
  A ball python (D:3)
  A giant cockroach (D:3)
  A goblin (D:4)
  A quokka (D:3)
  A frilled lizard (D:3)
8 creatures vanquished.

Vanquished Creatures (others)
  7 fungi (D:5)
7 creatures vanquished.

Grand Total: 15 creatures vanquished

Notes
Turn   | Place    | Note
-------+----------+-------------------------------------------
     0 | D:5      | jt the Gargoyle Delver began the quest for the Orb.
     0 | D:5      | Reached XP level 1. HP: 14/14 MP: 1/1
    15 | D:5      | Reached XP level 2. HP: 14/19 MP: 2/2
   193 | D:3      | Found a shimmering blue altar of Sif Muna.
   193 | D:3      | Found a glowing golden altar of the Shining One.
   271 | D:3      | Gained mutation: You have a pair of small antennae on your
                  | head. [potion of mutation]
   271 | D:3      | Gained mutation: You have hidden genetic potential. [potion
                  | of mutation]
   311 | D:3      | Found Omnutiv's Assorted Antiques.
   319 | D:3      | Bought a scroll labelled JINKOC NAEFUU for 23 gold pieces
   338 | D:3      | Found a shimmering altar of Xom.
   363 | D:3      | Reached XP level 3. HP: 6/23 MP: 3/3
   398 | D:3      | HP: 1/23 [adder (1)]
   399 | D:3      | Slain by an adder

Illustrated notes

Levels and vault maps discovered:
D:3:      layout_loops_ring, nicolae_overflow_crystal_walls,
          nicolae_overflow_hidden_temple,
          chequers_temple_overflow_statue_of_worship, gup_sewer_entry_bubbles,
          serial_shops, nicolae_shop_temple_entry_statues_fountains, uniq_ijyb
D:4:      layout_loops_ring, minmay_temple_entry_trees, uniq_duvessa
D:5:      layout_basic, dreamdust_mushroom_princess, nicolae_shop_clearance

Skill      XL: |  1  2 |
---------------+-------+-----
Axes           | 2 3 |  3.3
Fighting       | |  3.2
Dodging        | |  1.5
Stealth        | |  5.4

Action                   || total
-------------------------++-------
Melee: Hand axe          ||    39
Evoke: Wand              ||     1
  Use: Potion            ||     3
       Scroll            ||     3
 Stab: Sleeping          ||     1
Armor: Leather armour    ||    26
Dodge: Dodged            ||    33

Table legend: (Time is in decaauts)
 A = Elapsed time spent in this place.
 B = Non-inter-level travel time spent in this place.
 C = Inter-level travel time spent in this place.
 D = Time resting spent in this place.
 E = Time spent auto-exploring this place.
 F = Levels seen in this place.
 G = Mean time per level.
                   A        B        C        D        E       F      G
               +--------+--------+--------+--------+--------+-----+--------+
         Total |    397 |    397 |      0 |     76 |      0 |   3 |  132.3 |
       Dungeon |    397 |    397 |      0 |     76 |      0 |   3 |  132.3 |
               +--------+--------+--------+--------+--------+-----+--------+

Top non-repeatable levels by time:
     D:3: 203 daAuts
     D:5: 165 daAuts
     D:4: 28 daAuts
